AoeStats
← 76561199038204523

Four Lakes

509608998Analyzed
1v1 RM · 5d ago on Sep 27, 2026· 46m 58s· 2 players
Game mode
Random Map
Map size
Tiny (2 player)
Population
200
Speed
Normal
Resources
Standard
Victory
Conquest
Starting age
Dark Age
Ending age
Imperial Age
RankedLock teamsTeams togetherTeam positionsShared explorationLock speedFull tech treeHidden civsTurbo modeCheats
Victory
Defeat
🇩🇰 Bohemians · Denmark
569
+14
🇫🇷 Britons · France
517
-14
76561199038204523
10:28 Feudal Age
13:39 Double-Bit Axe
14:24 Horse Collar
17:17 Man-at-Arms
19:44 Scale Mail Armor
19:54 Forging
19:35 Fletching
19:46 Padded Archer Armor
25:38 Castle Age
24:18 Gold Mining
26:23 Heavy Plow
26:37 Bow Saw
31:13 Elite Skirmisher
32:13 Pikeman
32:54 Squires
32:39 Arson
34:33 Long Swordsman
34:38 Crossbowman
47:16 Imperial Age
Patchwork
10:12 Feudal Age
12:22 Double-Bit Axe
17:09 Scale Mail Armor
22:04 Horse Collar
30:25 Castle Age
28:20 Fishing Lines
31:14 Heavy Plow
37:22 Crossbowman
42:04 Imperial Age
42:11 Chain Mail Armor
41:56 Padded Archer Armor
42:03 Scale Barding Armor
44:37 Capped Ram
45:04 Arbalester
Connection lost

Rejoining the realm…

Still unreachable

The connection could not be restored.

Session expired

The server has moved on; the page needs a fresh start.